 Dungeon Crawl Stone Soup version 0.17.0 (webtiles) character file.

1521 Ultraviolent4 the Conjurer (level 8, -5/50 HPs)
             Began as a High Elf Earth Elementalist on Nov 19, 2015.
             Slain by Pikel
             ... wielding a +1 whip of electrocution
              (19 damage)
             ... on level 5 of the Dungeon.
             The game lasted 00:15:43 (6690 turns).

Ultraviolent4 the Conjurer (HEEE)                   Turns: 6690, Time: 00:15:44

Health: -5/50      AC:  4    Str:  5      XL:     8   Next: 54%
Magic:  18/18      EV: 14    Int: 21      God:
Gold:   379        SH:  0    Dex: 15 (16) Spells: 2 memorised, 15 levels left

rFire  + + .     SeeInvis .     f - -3 dagger (curse)
rCold  . . .     Rnd*Rage +     z - +1 leather armour "Okhemo" {rPois rF++}
rNeg   . . .     SustAt   .     (no shield)
rPois  +         Gourm    .     u - +0 helmet
rElec  .         Spirit   .     (no cloak)
rCorr  .         Warding  .     s - +0 pair of gloves
rMut   .         Stasis   .     (no boots)
MR     +....                    (no amulet)
Stlth  +++.......               (no ring)
                                o - ring of stealth

@: exhausted, very slightly contaminated, slowed, very slow, somewhat resistant
to hostile enchantments, fairly stealthy
A: berserk 1, deformed body, magic resistance 1, robust 1, weak 1
a: no special abilities


You were on level 5 of the Dungeon.
You were not hungry.

You visited 1 branch of the dungeon, and saw 5 of its levels.

You collected 379 gold pieces.

Inventory:

Hand Weapons
 a - a +3 dagger of venom
 f - a cursed -3 dagger (weapon)
 w - a +0 club
 x - a +0 club
 y - a +0 club
Missiles
 q - 125 stones (quivered)
Armour
 s - a +0 pair of gloves (worn)
 u - a +0 helmet (worn)
 z - the +1 leather armour "Okhemo" (worn) {rPois rF++}
   (You found it on level 4 of the Dungeon)

   It greatly protects you from fire.
   It protects you from poison.
Jewellery
 g - an uncursed ring of fire
 o - a ring of stealth (left hand)
Wands
 t - a wand of polymorph (14)
Scrolls
 e - a scroll of fog
 l - 2 scrolls of identify
 p - a scroll of teleportation
Potions
 h - 4 potions of curing
 v - a potion of degeneration
Books
 c - a book of Geomancy

   Spells                             Type                      Level
   a - Sandblast                      Earth                        1
   b - Stoneskin                      Transmutation/Earth          2
   c - Passwall                       Transmutation/Earth          3
   d - Stone Arrow                    Conjuration/Earth            3
   e - Petrify                        Transmutation/Earth          4
   f - Lee's Rapid Deconstruction     Earth                        5
Comestibles
 b - 3 meat rations
 d - 6 bread rations


   Skills:
 + Level 4.9 Short Blades
 + Level 5.9 Dodging
 - Level 2.1 Stealth
 + Level 6.1 Spellcasting
 * Level 7.0 Conjurations
   Level 1.1 Transmutations
 - Level 2.4 Earth Magic


You had 15 spell levels left.
You knew the following spells:

 Your Spells              Type           Power        Failure   Level  Hunger
a - Sandblast             Erth           ###...       10%         1    None
b - Stone Arrow           Conj/Erth      ####..       10%         3    ##.....


Dungeon Overview and Level Annotations

Branches:
Dungeon (5/15)
 Temple: D:4-7

Altars:

Annotations:
D:5 Pikel


Innate Abilities, Weirdness & Mutations

You tend to lose your temper in combat.
Armour fits poorly on your strangely shaped body.
You are resistant to hostile enchantments.
You are robust (+10% HP).
You are weak. (Str -2)


Message History

Okay, then.
Drink which item? (? for menu, Esc to quit)
You are confused.
You feel invigorated.
Pikel hits you with a whip of electrocution.
* * * LOW HITPOINT WARNING * * *
Pikel says, "Who am I kidding?
They'll work you to death!" Pikel barely misses you. Pikel misses you.
Pikel hits you with a whip of electrocution.
Pikel hits you with a whip of electrocution!
* * * LOW HITPOINT WARNING * * *
You feel less invigorated.
You feel less confused. Pikel misses you. Pikel misses you.
Pikel hits you with a whip of electrocution.
* * * LOW HITPOINT WARNING * * *
You are electrocuted!
You die...

####.###...<........ .....##.
###....###.##..................
#.....†.........###.....######.
#..........#....##.......# ##..
#..........##..##.........##...
#..........##..##..............
####.......##...# .......###...
##..####....>#.###... ###.#.
#...#####.#..@K.##.### #....#
#.....# #.#..#p..[...####....#
#...#.###.##......##....[....#
##.##.........................
########.####.#.###..........
#..#.####.#.# ####.#.....
##..#.#......# #.#.....
##.....#......# #.......
#......#......# ####....


You could see Pikel and a slave.

Vanquished Creatures
  The ghost of Ultraviolent4 the Conjurer, a novice HEEE (D:5)
  Grinder (D:5)
  A sky beast (D:5)
  3 slaves
  A centaur (D:5)
  3 ogres
  A scorpion (D:5)
  3 hounds (D:4)
  An orc wizard (D:4)
  An iguana (D:5)
  Jessica (D:3)
  5 worker ants (D:4)
  A hound skeleton (D:4)
  Robin (D:4)
  7 gnolls
  12 adders
  4 oozes
  2 adder skeletons
  An adder zombie (D:5)
  4 worms
  3 orcs (D:4)
  6 bats
  21 goblins
  13 hobgoblins
  9 jackals
  7 kobolds
  A ball python (D:5)
  6 giant cockroaches
  8 giant newts
  3 quokkas
  5 rats
136 creatures vanquished.

Notes
Turn   | Place    | Note
--------------------------------------------------------------
     0 | D:1      | Ultraviolent4 the High Elf Earth Elementalist began the quest for the Orb.
     0 | D:1      | Reached XP level 1. HP: 11/11 MP: 4/4
   210 | D:1      | Reached XP level 2. HP: 17/17 MP: 3/6
   289 | D:1      | Reached skill level 3 in Spellcasting
   547 | D:1      | Reached XP level 3. HP: 21/21 MP: 4/8
  1224 | D:2      | Learned a level 3 spell: Stone Arrow
  1229 | D:2      | Reached XP level 4. HP: 27/27 MP: 8/10
  1259 | D:2      | Reached skill level 1 in Conjurations
  1321 | D:2      | Reached skill level 4 in Spellcasting
  2297 | D:3      | Noticed Jessica
  2300 | D:3      | Reached XP level 5. HP: 31/31 MP: 5/12
  2360 | D:3      | Killed Jessica
  3468 | D:4      | Reached skill level 1 in Short Blades
  3527 | D:4      | Noticed an ogre
  3538 | D:4      | Killed an ogre
  3538 | D:4      | Reached XP level 6. HP: 36/36 MP: 4/13
  4467 | D:4      | Noticed an ogre
  4491 | D:4      | Reached XP level 7. HP: 41/41 MP: 0/15
  4651 | D:4      | Killed an ogre
  4651 | D:4      | Reached skill level 5 in Spellcasting
  5091 | D:4      | Noticed Robin
  5108 | D:4      | Reached skill level 5 in Conjurations
  5122 | D:4      | Killed Robin
  5163 | D:4      | Got an encrusted leather armour
  5226 | D:5      | Entered Level 5 of the Dungeon
  5232 | D:5      | Noticed Ultraviolent4's ghost (novice HEEE)
  5235 | D:5      | Reached skill level 5 in Dodging
  5394 | D:5      | Noticed Pikel
  6019 | D:5      | Noticed Grinder
  6072 | D:5      | Paralysed by Grinder for 4 turns
  6080 | D:5      | Killed Grinder
  6080 | D:5      | Reached skill level 6 in Conjurations
  6080 | D:5      | Reached XP level 8. HP: 32/46 MP: 1/17
  6183 | D:5      | Gained mutation: You tend to lose your temper in combat. [mutagenic meat]
  6184 | D:5      | Gained mutation: You are resistant to hostile enchantments. [mutagenic meat]
  6185 | D:5      | Gained mutation: Armour fits poorly on your strangely shaped body. [mutagenic meat]
  6186 | D:5      | Gained mutation: You are robust (+10% HP). [mutagenic meat]
  6187 | D:5      | Gained mutation: You are weak. (Str -2) [mutagenic meat]
  6241 | D:5      | Killed Ultraviolent4's ghost
  6306 | D:5      | Identified the +1 leather armour "Okhemo" {rPois rF++} (You found it on level 4 of the Dungeon)
  6465 | D:5      | Reached skill level 7 in Conjurations
  6682 | D:5      | HP: 1/50 [Pikel/whip of electrocution (20)]
  6690 | D:5      | Slain by Pikel

Action                   |  1- 3 |  4- 6 |  7- 9 || total
-------------------------+-------+-------+-------++-------
Melee: Dagger            |    18 |    81 |   119 ||   218
 Cast: Sandblast         |    57 |    27 |       ||    84
       Stone Arrow       |       |    35 |    50 ||    85
  Use: Scroll            |       |     7 |     4 ||    11
       Potion            |       |     1 |     4 ||     5
 Stab: Sleeping          |       |     4 |     4 ||     8
  Eat: Chunk             |     1 |    12 |     8 ||    21
       Fruit             |       |       |     4 ||     4
       Bread ration      |       |       |     1 ||     1
